 Dungeon Crawl Stone Soup version 0.28-a0-998-gb9e9c7b67e (webtiles) character file.

Game seed: 4708536243981227584

485 ytrimaz the Conjurer (level 7, -3/41 HPs)
             Began as an Octopode Conjurer on Dec 5, 2021.
             Was an Initiate of Ashenzari.
             Slain by a scorpion (6 damage)
             ... on level 5 of the Dungeon.
             The game lasted 00:08:38 (7195 turns).

ytrimaz the Conjurer (Octopode Conjurer)            Turns: 7195, Time: 00:08:38

Health: -3/41      AC:  1    Str:  5 (6)  XL:     7   Next: 13%
Magic:  1/12       EV: 13    Int: 28 (29) God:    Ashenzari [......]
Gold:   164        SH:  0    Dex:  8      Spells: 10/13 levels left

rFire   . . .      SeeInvis .     - Unarmed
rCold   . . .      Faith    +   (no shield)
rNeg    . . .      Spirit   .   (helmet restricted)
rPois   .          Reflect  .   i - amulet of faith
rElec   .          Harm     .   j - +6 ring of intelligence
rCorr   .          Rampage  .   (no ring)
Will    .....                   (no ring)
Stlth   +++.......              (no ring)
HPRegen 0.13/turn               (no ring)
MPRegen 0.13/turn               (no ring)
                                (no ring)
                                (no ring)

@: no status effects
A: almost no armour, amphibious, 8 rings, camouflage 1, gelatinous body 1,
(nimble swimmer 1), tentacles, clumsy 1
a: Renounce Religion


You were on level 5 of the Dungeon.
You worshipped Ashenzari.
Ashenzari was noncommittal.
You visited 2 branches of the dungeon, and saw 8 of its levels.

You collected 189 gold pieces.
You spent 25 gold pieces at shops.

Inventory:

Armour
 c - a +0 tower shield
Jewellery
 i - an amulet of faith (around mantle)
 j - a +6 ring of intelligence (left tentacle)
Wands
 m - a wand of digging (3)
Scrolls
 a - 2 scrolls of teleportation
 d - 2 scrolls of immolation
 f - a scroll of fog
 h - a scroll of blinking
 k - a scroll of enchant weapon
 l - a scroll of magic mapping
Potions
 b - 2 potions of attraction
 e - a potion of resistance
 g - 4 potions of flight


   Skills:
 * Level 3.6 Dodging
 - Level 3.4 Stealth
 - Level 1.7 Shields
 * Level 1.4 Unarmed Combat
 + Level 3.5 Spellcasting
 + Level 6.1 Conjurations


You had 10 spell levels left.
You knew the following spells:

 Your Spells              Type           Power      Damage    Failure   Level
a - Magic Dart            Conj           100%       1d8       1%          1
b - Searing Ray           Conj           78%        2d7       1%          2

Your spell library contained the following spells:

 Spells                   Type           Power      Damage    Failure   Level
 Static Discharge         Conj/Air       22%        N/A       3%          2
 Dazzling Flash           Conj/Hex       44%        N/A       7%          3
 Fulminant Prism          Conj/Hex       11%        3d9       22%         4
 Iskenderun's Mystic Bla  Conj/Tloc      22%        2d6       22%         4
 Lightning Bolt           Conj/Air       11%        1d24      52%         5
 Maxwell's Capacitive Co  Air            2%         ∞         100%        8


Dungeon Overview and Level Annotations

Branches:
Dungeon (7/15)             Temple (1/1) D:5

Altars:
Ashenzari
Cheibriados
Elyvilon
Fedhas
Gozag
Kikubaaqudgha
Makhleb
Nemelex Xobeh
Okawaru
Sif Muna
Trog
Uskayaw
Vehumet
Wu Jian
Xom
Yredelemnul
The Shining One

Shops:
D:3 *

Annotations:
D:5 Duvessa


Innate Abilities, Weirdness & Mutations

You cannot wear most types of armour.
You are amphibious.
You can wear up to eight rings at the same time.
Your skin changes colour to match your surroundings (Stealth+).
Your rubbery body absorbs attacks. (AC +1, EV +1)
((You are camouflaged near water. (Stealth+)))
You have tentacles for arms and can constrict up to eight enemies at once.
You are clumsy. (Dex -2)


Message History

Casting: Magic Dart (safe; 1% risk of failure)
Confirm with . or Enter, or press ? or * to list all spells.
Aiming: Searing Ray (safe; 1% risk of failure)
Press: ? - help, Shift-Dir - straight line, f/p - scorpion
Aim: a scorpion (heavily wounded, 81% to hit)
The searing ray hits the scorpion.
The scorpion is severely wounded. (Press . to maintain the ray.)
The scorpion stings you!
The searing ray misses the scorpion.
The scorpion stings you!
The searing ray misses the scorpion.
The scorpion misses you.
The searing ray misses the scorpion.
You finish channelling your searing ray.
The scorpion closely misses you. x2
Unknown command.
The scorpion stings you.
* * * LOW HITPOINT WARNING * * *
Unknown command.
Okay, then.
Casting: Searing Ray (safe; 1% risk of failure)
Confirm with . or Enter, or press ? or * to list all spells.
Aiming: Searing Ray (safe; 1% risk of failure)
Press: ? - help, Shift-Dir - straight line, f/p - scorpion
Aim: a scorpion (severely wounded, 81% to hit)
The searing ray hits the scorpion.
The scorpion is severely wounded. (Press . to maintain the ray.)
The scorpion completely misses you.
Without enough magic to sustain it, your searing ray dissipates.
The scorpion barely misses you.
Unknown command.
You closely miss the scorpion. Your grab misses the scorpion.
The scorpion is severely wounded.
The scorpion stings you!
* * * LOW HITPOINT WARNING * * *
You tentacle-slap the scorpion but do no damage.
Your grab misses the scorpion.
The scorpion is severely wounded.
The scorpion barely misses you. The scorpion stings you.
You die...

, * , , ,,
, ,, ,
######..#.
#.@s......
#.####....
#.# . #.#
###*
##.####..#
..#
#........#
⌠.# *
#..#####.#
..# * #..#
### * *
#..#


You could see a scorpion.

Vanquished Creatures
  A black bear (D:5)
  A hound (D:5)
  A jelly (D:4)
  An orc priest (D:3)
  Crazy Yiuf (D:2)
  An iguana (D:4)
  2 orc wizards
  A hound zombie (D:5)
  A hound skeleton (D:5)
  2 howler monkey zombies
  A gnoll (D:2)
  5 adders
  A shadow imp (D:5)
  An adder zombie (D:3)
  A worm (D:2)
  2 dart slugs
  10 orcs
  3 ball pythons
  6 endoplasms
  2 giant cockroaches (D:2)
  5 goblins
  8 hobgoblins
  5 jackals
  4 quokkas
  2 bats
  A frilled lizard (D:2)
  6 kobolds
  A quokka skeleton (D:4)
  A quokka zombie (D:3)
  4 rats
81 creatures vanquished.

Vanquished Creatures (others)
  2 plants (D:3)
2 creatures vanquished.

Grand Total: 83 creatures vanquished

Notes
Turn   | Place    | Note
-------+----------+-------------------------------------------
     0 | D:1      | ytrimaz the Octopode Conjurer began the quest for the Orb.
     0 | D:1      | Reached XP level 1. HP: 11/11 MP: 3/3
   479 | D:1      | Found a faded altar of an unknown god.
   760 | D:1      | Reached XP level 2. HP: 17/17 MP: 0/5
  1003 | D:2      | Learned a level 2 spell: Searing Ray
  1406 | D:2      | Reached XP level 3. HP: 21/21 MP: 1/6
  1935 | D:2      | Found a runed translucent door.
  1936 | D:2      | Noticed Crazy Yiuf
  2076 | D:2      | Reached XP level 4. HP: 26/27 MP: 4/7
  2877 | D:2      | Killed Crazy Yiuf
  2878 | D:2      | Reached skill level 5 in Conjurations
  3127 | D:3      | Reached skill level 1 in Shields
  3127 | D:3      | Reached XP level 5. HP: 4/31 MP: 1/8
  3758 | D:3      | Found a glowing golden altar of the Shining One.
  3988 | D:3      | Found Cicholol's Assorted Antiques.
  3996 | D:3      | Bought a scroll labelled ONTIKL RABOOQO for 25 gold pieces
  4214 | D:3      | Found a basalt altar of Yredelemnul.
  5081 | D:4      | Reached XP level 6. HP: 36/36 MP: 6/10
  5285 | D:4      | Found a radiant altar of Vehumet.
  5925 | D:5      | Entered Level 5 of the Dungeon
  6026 | D:5      | Found a staircase to the Ecumenical Temple.
  6026 | D:5      | Noticed a black bear
  6075 | D:5      | Gained mutation: Your magical capacity is low. (-10% MP)
                  | [potion of mutation]
  6075 | D:5      | Gained mutation: You passively map a small area around you.
                  | [potion of mutation]
  6079 | D:5      | Killed a black bear
  6080 | D:5      | Reached skill level 1 in Unarmed Combat
  6080 | D:5      | Reached skill level 6 in Conjurations
  6082 | Temple   | Entered the Ecumenical Temple
  6339 | Temple   | Became a worshipper of Ashenzari the Shackled
  6399 | D:5      | Reached XP level 7. HP: 8/41 MP: 0/10
  6723 | D:5      | Noticed Duvessa
  6759 | D:7      | HP: 2/41 [bullfrog (4)]
  7059 | D:6      | Lost mutation: Your magical capacity is low. (-10% MP)
                  | [potion of mutation]
  7059 | D:6      | Lost mutation: You passively map a small area around you.
                  | [potion of mutation]
  7059 | D:6      | Gained mutation: You are frail. (-10% HP) [potion of
                  | mutation]
  7059 | D:6      | Gained mutation: You are clumsy. (Dex -2) [potion of
                  | mutation]
  7059 | D:6      | Lost mutation: You are frail. (-10% HP) [potion of
                  | mutation]
  7195 | D:5      | Slain by a scorpion

Illustrated notes

Levels and vault maps discovered:
D:1:      scummos_arrival_checkerplants, layout_basic,
          hellmonk_ecumenical_altar_run_dry, dk_noncrumbling_2, minivault_25
D:2:      layout_basic, corexii_leaking_fountain,
          minmay_randomly_rotated_circles, uniq_crazy_yiuf_cottage
D:3:      wander_river, layout_basic, nicolae_tso_carved_into_rock,
          nicolae_yredelemnul_corpse_copse, serial_forest,
          infiniplex_forest_lined_corner, infiniplex_forest_side_room,
          infiniplex_forest_straight_3, infiniplex_forest_clump_double,
          infiniplex_forest_clump_diagonal, infiniplex_forest_lined_3,
          infiniplex_forest_clump_medium, infiniplex_forest_lined_room_2,
          infiniplex_forest_fountain, infiniplex_forest_clump_C, serial_shops,
          shop
D:4:      layout_rooms, lemuel_doored_altar
D:5:      layout_loops_ring, minmay_temple_entry_junction, uniq_duvessa
D:6:      layout_cave_pools
D:7:      layout_cave_pools, zin_scriptorium, marbit_many_paths,
          overflow_temple_1_default, ebering_ghost_disaster_area,
          nicolae_shop_gadgets
Temple:   nicolae_temple_great_sept

Skill      XL: |  1  2  3  4  5  6 |
---------------+-------------------+-----
Stealth        | 3 |  3.4
Conjurations   | 5 6 |  6.1
Shields        | 1 |  1.7
Dodging        | 3 |  3.6
Spellcasting   | 3 |  3.5
Unarmed Combat | 1 |  1.4

Action                   |  1- 3 |  4- 6 |  7- 9 || total
-------------------------+-------+-------+-------++-------
Melee: Unarmed           |    26 |    36 |     5 ||    67
       Constrict         |     5 |     6 |     1 ||    12
       Tentacles         |     5 |     4 |     2 ||    11
 Cast: Magic Dart        |    37 |   104 |    15 ||   156
       Searing Ray       |     3 |     9 |     3 ||    15
Evoke: Wand              |       |       |     3 ||     3
  Use: Scroll            |     5 |     5 |     1 ||    11
       Potion            |       |     9 |     2 ||    11
Armor: Skin              |     2 |     6 |     2 ||    10
Dodge: Dodged            |    17 |    44 |    21 ||    82

Table legend: (Time is in decaauts)
 A = Elapsed time spent in this place.
 B = Non-inter-level travel time spent in this place.
 C = Inter-level travel time spent in this place.
 D = Time resting spent in this place.
 E = Time spent auto-exploring this place.
 F = Levels seen in this place.
 G = Mean time per level.
                   A        B        C        D        E       F      G
               +--------+--------+--------+--------+--------+-----+--------+
         Total |   7196 |   6831 |    365 |   1609 |   4386 |   8 |  899.5 |
       Dungeon |   6930 |   6572 |    358 |   1609 |   4158 |   7 |  990.0 |
        Temple |    265 |    258 |      7 |      0 |    228 |   1 |  265.0 |
               +--------+--------+--------+--------+--------+-----+--------+

Top non-repeatable levels by time:
     D:2: 2606 daAuts
     D:3: 1357 daAuts
     D:4: 994 daAuts
     D:1: 967 daAuts
     D:5: 599 daAuts
  Temple: 265 daAuts
     D:6: 262 daAuts
     D:7: 142 daAuts
